[Event "Early-Titled-Tuesday-Blitz-July-09-2024"]
[Site "Chess.com"]
[Date "2024.07.09"]
[Round "8"]
[White "esskeettit"]
[Black "Defenstrator"]
[Result "1-0"]
[WhiteElo "2540"]
[BlackElo "2408"]
[TimeControl "180+1"]
[EndTime "9:28:40 PDT"]
[Termination "esskeettit won by resignation"]

1. d4 Na6 2. c4 c5 3. d5 e6 4. Nc3 Nf6 5. e4 exd5 6. exd5 d6 7. Bd3 Be7 8. h3 O-O 9. Nf3 Nc7 10. a4 b6 11. O-O a6 12. Bf4 Rb8 13. Re1 b5 14. axb5 axb5 15. cxb5 Ncxd5 16. Nxd5 Nxd5 17. Bxh7+ Kxh7 18. Qxd5 Rxb5 19. Qh5+ Kg8 20. Ra7 Rb7 21. Rxb7 Bxb7 22. Ng5 Bxg5 23. Bxg5 Qa5 24. Re7 Qa1+ 25. Kh2 Qxb2 26.
Qg4 Bd5 27. Bf4 Qxf2 28. Bxd6 c4 29. Be5 g6 30. Bd4 Qf5 31. Qh4 Qh5 32. Qxh5 gxh5 33. Re5 Rd8 34. Rxh5 f6 35. Bxf6 Rc8 36. Rh8+ Kf7 37.
Rxc8 Kxf6 38. g4 Kg5 39. Kg3 Bg8 40. h4+ Kh6 41. Rxg8 c3 42. Rc8 c2 43. Rxc2 1-0

[Event "Early-Titled-Tuesday-Blitz-July-09-2024"]
[Site "Chess.com"]
[Date "2024.07.09"]
[Round "8"]
[White "mouseslips_are_the_best"]
[Black "Andrey-Ivanov2011"]
[Result "0-1"]
[WhiteElo "2302"]
[BlackElo "2182"]
[TimeControl "180+1"]
[EndTime "9:28:40 PDT"]
[Termination "Andrey-Ivanov2011 won by resignation"]

1. e4 c5 2. Nf3 d6 3. d4 cxd4 4. Nxd4 Nf6 5. Nc3 a6 6. Bc4 e6 7. O-O Be7 8. Qf3 b5 9. Bb3 Bb7 10.
Qg3 b4 11. Na4 Nc6 12. Nxc6 Bxc6 13. Qxg7 Rg8 14. Qh6 Bxe4 15. f3 Bc6 16. Bg5 Rg6 17. Qh4 Qa5 18. Bxf6 Bxf6 19. Qxh7 Bxa4 20. Bxe6 fxe6 21.
Qxg6+ Ke7 22. Qh7+ Kf8 23. Rfe1 Qb6+ 24. Kh1 Qa7 25.
Qxa7 Rxa7 26. Rxe6 Bxb2 27. Rae1 Bc3 28. Rd1 Bxc2 29. Rdxd6 Ba4 30. Rxa6 Rd7 31. h3 Bb5 32. Rad6 Ra7 33. Rb6 Bc4 34. Rh6 Bxa2 35. Ra6 Rxa6 36. Rxa6 Bf7 37. g4 b3 38. Rb6 b2 39. Kg2 Bg6 40.
f4 Be4+ 41. Kf2 Bd4+ 42. Kg3 Bxb6 43. f5 b1=Q 44. Kh4 Qd3 45. Kg5 Bd8+ 46. Kg6 Qd6+ 47. Kh5 Qf6 0-1

[Event "Early-Titled-Tuesday-Blitz-July-09-2024"]
[Site "Chess.com"]
[Date "2024.07.09"]
[Round "8"]
[White "Kotofeyca"]
[Black "talaicito"]
[Result "1-0"]
[WhiteElo "2509"]
[BlackElo "2350"]
[TimeControl "180+1"]
[EndTime "9:28:41 PDT"]
[Termination "Kotofeyca won on time"]

1. d4 e6 2. c4 f5 3. Nc3 Nf6 4. Qc2 Bb4 5. f3 O-O 6. Bg5 h6 7. Bh4 d6 8. O-O-O Qe8 9. e3 Bd7 10. Bd3 Nc6 11. Nge2 Bxc3 12. Qxc3 e5 13. Rhe1 e4 14.
Bc2 exf3 15. gxf3 Qh5 16. Bxf6 Rxf6 17. Nf4 Qxf3 18. Rf1 Qg4 19. Rg1 Qh4 20. Nd5 Rf7 21. Nxc7 Rc8 22. Nb5 Qe7 23. Qa3 Rf6 24. Nxa7 Nxa7 25.
Qxa7 Qxe3+ 26. Kb1 Rf7 27. Qxb7 1-0

[Event "Early-Titled-Tuesday-Blitz-July-09-2024"]
[Site "Chess.com"]
[Date "2024.07.09"]
[Round "8"]
[White "LewAnatol"]
[Black "waltereador"]
[Result "0-1"]
[WhiteElo "2178"]
[BlackElo "2325"]
[TimeControl "180+1"]
[EndTime "9:28:42 PDT"]
[Termination "waltereador won on time"]

1. e4 e5 2. Nf3 Nf6 3. d4 Nxe4 4. Bd3 d5 5. Nxe5 Nd7 6. Qe2 Nxe5 7. Bxe4 dxe4 8.
Qxe4 Bd6 9. dxe5 O-O 10. O-O Re8 11. f4 Bc5+ 12. Kh1 g6 13. c3 c6 14. Qf3 Be6 15. Nd2 Bd5 16. Qg3 f5 17. Nf3 Bxf3 18.
Qxf3 Qb6 19. b4 Be7 20. Be3 Qb5 21. Bd4 b6 22. e6 Qc4 23. Rfe1 c5 24. bxc5 bxc5 25.
Be5 Qxe6 26. Rab1 Qxa2 27. Rb7 Bf8 28. Qc6 Qe6 29. Qc7 Re7 0-1

[Event "Early-Titled-Tuesday-Blitz-July-09-2024"]
[Site "Chess.com"]
[Date "2024.07.09"]
[Round "8"]
[White "Cheer_Down"]
[Black "DanylaBagrov"]
[Result "0-1"]
[WhiteElo "2424"]
[BlackElo "2594"]
[TimeControl "180+1"]
[EndTime "9:28:43 PDT"]
[Termination "DanylaBagrov won by resignation"]

1. e4 c5 2. Nf3 a6 3. g3 Nc6 4. Bg2 Nf6 5. O-O Nxe4 6. d4 cxd4 7. Nxd4 d5 8. c4 e6 9. cxd5 exd5 10. Nc3 Nxc3 11. bxc3 Be7 12. Nxc6 bxc6 13. c4 Be6 14. cxd5 Bxd5 15. Bxd5 Qxd5 16. Bb2 O-O 17. Qg4 f6 18.
Rfe1 Bc5 19. Rad1 Qxa2 20. Rc1 Bxf2+ 21. Kxf2 Qxb2+ 22. Kg1 Rac8 23. Rb1 Qc2 24. Rb7 Qc5+ 25. Kf1 Qg5 26. Qc4+ Kh8 27. Ree7 Rg8 28. Qxa6 c5 29. Qa7 c4 30. Rbc7 c3 31. Rxg7 Qf5+ 32. Kg1 Rxg7 33.
Rxg7 c2 0-1

[Event "Early-Titled-Tuesday-Blitz-July-09-2024"]
[Site "Chess.com"]
[Date "2024.07.09"]
[Round "8"]
[White "NikitaShnadrygin"]
[Black "Zq1"]
[Result "0-1"]
[WhiteElo "2722"]
[BlackElo "2594"]
[TimeControl "180+1"]
[EndTime "9:28:44 PDT"]
[Termination "Zq1 won on time"]

1. e4 c5 2. Nf3 d6 3. d4 cxd4 4. Nxd4 Nf6 5. Nc3 Nc6 6. f3 Nxd4 7. Qxd4 g6 8. Be3 Bg7 9. Qd2 O-O 10. g4 Be6 11.
O-O-O Rc8 12. a3 Rxc3 13. bxc3 Qa5 14. Kb2 Nd7 15. Bd4 Ne5 16. Be2 Rc8 17. h4 Rc6 18. c4 Qxd2 19. Rxd2 Bxc4 20. c3 Bxe2 21. Rxe2 Nxf3 22.
Bxg7 Kxg7 23. h5 g5 24. Rf2 Ne5 25. Rg2 h6 26. Rf1 Rc4 27. Kb3 Rxe4 28. Rfg1 b5 29. Kc2 Nc4 30. Kd3 d5 31. Rb1 a6 32. a4 Ne5+ 0-1

[Event "Early-Titled-Tuesday-Blitz-July-09-2024"]
[Site "Chess.com"]
[Date "2024.07.09"]
[Round "8"]
[White "FoggyMorning"]
[Black "kuzol"]
[Result "1-0"]
[WhiteElo "2670"]
[BlackElo "2516"]
[TimeControl "180+1"]
[EndTime "9:28:46 PDT"]
[Termination "FoggyMorning won by checkmate"]

1. e4 e6 2. d4 d5 3. Nc3 dxe4 4.
Nxe4 Nd7 5. Nf3 Be7 6. Bd3 Ngf6 7. Nxf6+ Bxf6 8. Qe2 c5 9. Bd2 cxd4 10. O-O-O Qb6 11.
Kb1 Nc5 12. g4 Bd7 13. g5 Be7 14. Nxd4 Nxd3 15. Qxd3 Rd8 16. Nb3 Bc6 17. Qc3 Bxh1 18. Qxg7 Rf8 19. Rxh1 Qxf2 20. Bc1 Qf5 21. h4 Rc8 22.
Rh2 Bd6 23. Re2 a5 24. Nd4 Qf1 25. Qxh7 Bf4 26. Rxe6+ Kd7 27. Re1 Qxe1 28. Qf5+ Kd8 29. Qxf4 Re8 30. Qd6# 1-0

[Event "Early-Titled-Tuesday-Blitz-July-09-2024"]
[Site "Chess.com"]
[Date "2024.07.09"]
[Round "8"]
[White "tylityli"]
[Black "santig8"]
[Result "1-0"]
[WhiteElo "2390"]
[BlackElo "2277"]
[TimeControl "180+1"]
[EndTime "9:28:46 PDT"]
[Termination "tylityli won by resignation"]

1. d4 Nf6 2. c4 d6 3. Nc3 e5 4. dxe5 dxe5 5. Qxd8+ Kxd8 6. Bg5 Be6 7. O-O-O+ Nd7 8.
e3 c6 9. Bxf6+ gxf6 10. h3 Kc7 11. Nf3 Bb4 12. Kc2 a5 13. a3 Bxc3 14. Kxc3 a4 15.
Be2 Ra6 16. Bd3 Nc5 17. Bc2 Rb6 18. g4 Ra8 19. Nd2 Ra5 20. Bxh7 Nb3 21. Bc2 Nxd2 22. Rxd2 Rc5 23. Bd3 Rb3+ 24. Kc2 Bxc4 25. Bxc4 Rxc4+ 26. Kd1 b5 27. Ke2 b4 28. Ra1 bxa3 29. Rxa3 Rxa3 30. bxa3 Rc3 31. Rd3 Rc4 32. Kd2 f5 33. Rc3 Re4 34. f3 fxg4 35. fxe4 gxh3 36. Rc1 1-0

[Event "Early-Titled-Tuesday-Blitz-July-09-2024"]
[Site "Chess.com"]
[Date "2024.07.09"]
[Round "8"]
[White "AndresDelgado77"]
[Black "dey2580"]
[Result "0-1"]
[WhiteElo "2332"]
[BlackElo "2460"]
[TimeControl "180+1"]
[EndTime "9:28:47 PDT"]
[Termination "dey2580 won on time"]

1. e4 g6 2. d4 Bg7 3. Nf3 a6 4. Bc4 b5 5. Bb3 Bb7 6. O-O e6 7. d5 Ne7 8. a4 bxa4 9. Rxa4 O-O 10. Nc3 e5 11. d6 cxd6 12. Qxd6 Nc8 13. Qb4 Bc6 14.
Bg5 Qb6 15. Nd5 Bxd5 16. Bxd5 Nc6 17. Qxb6 Nxb6 18. Raa1 Nxd5 19. exd5 Nb4 20. Be7 Nxd5 21. Bxf8 Kxf8 22. Rfd1 Nb6 23. Rd6 Nc4 24. Rdxa6 Rxa6 25. Rxa6 Nxb2 26. Ra7 Ke7 27. Ng5 f5 28. Nxh7 Bh6 29. h4 Nc4 30. Ng5 e4 31. g3 Ne5 32. Kg2 Ng4 33. c4 Ne5 34. c5 Nc6 35. Rb7 Bg7 36. g4 Bd4 37. gxf5 gxf5 38. Rb5 Bf6 39. Kg3 Be5+ 40.
f4 exf3+ 41. Kxf3 Nd4+ 42. Ke3 Nxb5 43. h5 Bg7 44. Nf3 Bh6+ 45. Kd3 Ke6 0-1

[Event "Early-Titled-Tuesday-Blitz-July-09-2024"]
[Site "Chess.com"]
[Date "2024.07.09"]
[Round "8"]
[White "Bilan_Danila"]
[Black "krzyzan94"]
[Result "0-1"]
[WhiteElo "2592"]
[BlackElo "2778"]
[TimeControl "180+1"]
[EndTime "9:28:49 PDT"]
[Termination "krzyzan94 won by resignation"]

1. d4 Nf6 2. Nf3 c5 3. e3 g6 4. c4 cxd4 5. Nxd4 Bg7 6. Nc3 O-O 7. Be2 d5 8. cxd5 Nxd5 9. Nxd5 Qxd5 10. Bf3 Qa5+ 11.
Bd2 Qb6 12. Bc3 Nd7 13. Qb3 Qxb3 14. axb3 a6 15. b4 Ne5 16. Be4 Rd8 17. b5 f5 18.
Bc2 Bd7 19. Bb3+ Kf8 20. bxa6 bxa6 21. O-O Nd3 22. Bc4 Bxd4 23. exd4 Bb5 24. Bxd3 Bxd3 25. Rfe1 Kf7 26. Bb4 Rd7 27. Bc5 Bb5 28. b4 e6 29.
f4 Rg8 30. h4 h6 31. Ra3 g5 32. hxg5 hxg5 33. Rh3 gxf4 34. Rh7+ Kg6 35. Rxe6+ Kxh7 0-1

[Event "Early-Titled-Tuesday-Blitz-July-09-2024"]
[Site "Chess.com"]
[Date "2024.07.09"]
[Round "8"]
[White "amylazy"]
[Black "sathvikadiga"]
[Result "0-1"]
[WhiteElo "2505"]
[BlackElo "2668"]
[TimeControl "180+1"]
[EndTime "9:28:50 PDT"]
[Termination "sathvikadiga won by resignation"]

1. d4 d5 2. Nf3 Nf6 3. c4 c6 4. Qc2 g6 5. Bf4 Bf5 6. Qb3 Qb6 7. e3 Nbd7 8. Nc3 e6 9. h3 Be7 10. Be2 O-O 11. Nd2 e5 12. dxe5 Ne4 13. Ndxe4 dxe4 14. O-O Nc5 15. Qc2 Nd3 16. Bxd3 exd3 17.
Qd2 Rfd8 18. Na4 Qa6 19. b3 b5 20. cxb5 cxb5 21. Nc3 Bb4 22. Rfc1 Rac8 23. a3 Bxa3 24. Rd1 b4 25. Na4 Qa5 26. f3 Rc2 27. Qe1 d2 28.
Qf2 Be6 29. Rab1 Bxb3 30. Rxb3 Qxa4 31. Rbb1 Rc1 32. Qf1 Rxb1 33. Rxb1 d1=Q 34. Kh2 Qxf1 35. Rxf1 b3 36. e4 b2 37. e6 fxe6 38. Bg5 Rd1 0-1

[Event "Early-Titled-Tuesday-Blitz-July-09-2024"]
[Site "Chess.com"]
[Date "2024.07.09"]
[Round "8"]
[White "Happy1712Drummer"]
[Black "Dewarfd"]
[Result "1-0"]
[WhiteElo "2437"]
[BlackElo "2083"]
[TimeControl "180+1"]
[EndTime "9:28:50 PDT"]
[Termination "Happy1712Drummer won on time"]

1. e4 c5 2. b3 e6 3. Bb2 Nf6 4. e5 Nd5 5. Nf3 d6 6. c4 Nb4 7. a3 N4c6 8. exd6 Qxd6 9. Nc3 a6 10. Ne4 Qd8 11. Be2 Nd7 12. O-O Nf6 13. Nxf6+ gxf6 14. d4 cxd4 15. Nxd4 Nxd4 16. Bxd4 e5 17. Bb2 Qxd1 18.
Raxd1 Be6 19. f4 Bg7 20. Bf3 Rb8 21. Bd5 Bg4 22. Rde1 O-O 23. fxe5 fxe5 24. Bxe5 Bh5 25. Bxb8 Rxb8 26. Re7 b5 27. Bxf7+ 1-0

[Event "Early-Titled-Tuesday-Blitz-July-09-2024"]
[Site "Chess.com"]
[Date "2024.07.09"]
[Round "8"]
[White "Alex_Banzea"]
[Black "guillembaches"]
[Result "1-0"]
[WhiteElo "2701"]
[BlackElo "2551"]
[TimeControl "180+1"]
[EndTime "9:28:51 PDT"]
[Termination "Alex_Banzea won by checkmate"]

1. d4 Nf6 2. Nc3 d5 3. Bf4 a6 4. e3 b5 5. Bd3 Bb7 6. Nf3 e6 7. Ne2 c5 8. c3 Nc6 9. Ng3 Bd6 10. O-O O-O 11. Re1 Bxf4 12. exf4 cxd4 13. cxd4 g6 14.
h4 h5 15. Ne5 Ne7 16. Qd2 Kg7 17. f5 exf5 18. Bxf5 Qd6 19. Qg5 Rae8 20. Nxg6 fxg6 21. Bxg6 Bc8 22. Bxe8+ Kh7 23. Rxe7+ Qxe7 24. Bg6+ Kh8 25. Rc1 Bd7 26. Qh6+ Kg8 27. Nxh5 Qg7 28. Qxg7# 1-0

[Event "Early-Titled-Tuesday-Blitz-July-09-2024"]
[Site "Chess.com"]
[Date "2024.07.09"]
[Round "8"]
[White "profedechess93"]
[Black "maracayo"]
[Result "0-1"]
[WhiteElo "2606"]
[BlackElo "2446"]
[TimeControl "180+1"]
[EndTime "9:28:51 PDT"]
[Termination "maracayo won by resignation"]

1. e4 d6 2. d4 Nf6 3. Nc3 c6 4.
Bg5 Nbd7 5. Qd2 Qa5 6. Bd3 e5 7.
Nf3 Be7 8. O-O-O b5 9. Kb1 b4 10. Ne2 c5 11. dxe5 dxe5 12. Ng3 h6 13. Bxf6 Bxf6 14.
Bc4 O-O 15. Qd6 Nb6 16. Bd5 Rd8 17. Qc6 Bd7 18. Qb7 Rab8 19. Qc7 Rbc8 20. Qb7 Nxd5 21.
Rxd5 Rc7 22. Rxd7 Rdxd7 23. Qa8+ Rd8 0-1

[Event "Early-Titled-Tuesday-Blitz-July-09-2024"]
[Site "Chess.com"]
[Date "2024.07.09"]
[Round "8"]
[White "glucolisis04"]
[Black "Dr_Pepper18"]
[Result "0-1"]
[WhiteElo "2290"]
[BlackElo "2432"]
[TimeControl "180+1"]
[EndTime "9:28:51 PDT"]
[Termination "Dr_Pepper18 won on time"]

1. d4 Nf6 2. c4 g6 3. Nc3 Bg7 4.
e4 d6 5. Nf3 O-O 6. Be2 e5 7. O-O Nc6 8. d5 Ne7 9. b4 a5 10. bxa5 Rxa5 11. a4 Ra8 12. Ba3 b6 13. Bb4 Ne8 14. Nb5 f5 15. Nd2 Kh8 16. a5 c5 17. dxc6 Nxc6 18. Bc3 bxa5 19. Nb3 fxe4 20. Bg4 Ba6 21. Nxa5 Bxb5 22. cxb5 Nxa5 23. Qa4 d5 24. Bxa5 Qg5 25. Bh3 Nd6 26. Qb4 Nc4 27. Bc7 Rxa1 28.
Rxa1 e3 29. fxe3 Qxe3+ 30. Kh1 Qd4 31. Rg1 e4 0-1

[Event "Early-Titled-Tuesday-Blitz-July-09-2024"]
[Site "Chess.com"]
[Date "2024.07.09"]
[Round "8"]
[White "SuperPower2011"]
[Black "rdarruda"]
[Result "1-0"]
[WhiteElo "2720"]
[BlackElo "2561"]
[TimeControl "180+1"]
[EndTime "9:28:52 PDT"]
[Termination "SuperPower2011 won by checkmate"]

1. b3 e5 2. Bb2 Nc6 3. e3 d6 4. c4 Nf6 5. Nc3 g6 6. g3 Bg7 7. Bg2 O-O 8. Nge2 Bf5 9. O-O Qd7 10.
d4 Bh3 11. d5 Ne7 12. e4 Bxg2 13. Kxg2 Nh5 14. f4 f5 15. fxe5 Bxe5 16. Nd4 Ng7 17. Nf3 Bf6 18. Qc2 Rae8 19. Rae1 f4 20. e5 dxe5 21.
Ne4 fxg3 22. hxg3 Nef5 23. Nxf6+ Rxf6 24. Nxe5 Qc8 25. Qd3 Rff8 26. Re4 Nh5 27. Ng4 Rxe4 28. Qxe4 Nhxg3 29. Qe5 Nxf1 30. Nh6+ Nxh6 31. Qg7# 1-0

[Event "Early-Titled-Tuesday-Blitz-July-09-2024"]
[Site "Chess.com"]
[Date "2024.07.09"]
[Round "8"]
[White "Hikaru"]
[Black "mind1mover"]
[Result "1-0"]
[WhiteElo "3208"]
[BlackElo "2820"]
[TimeControl "180+1"]
[EndTime "9:28:53 PDT"]
[Termination "Hikaru won by resignation"]

1. Nf3 d5 2. b3 Nf6 3. Bb2 c6 4. d3 g6 5. Nbd2 Bg7 6. e4 O-O 7. Be2 Bg4 8. h3 Bxf3 9. Bxf3 dxe4 10. dxe4 Nfd7 11. Bxg7 Kxg7 12. Qc1 Na6 13. Qb2+ f6 14. Nc4 b5 15. Ne3 Qa5+ 16. c3 Ne5 17. O-O Nxf3+ 18. gxf3 Qc7 19. a4 Nc5 20. axb5 cxb5 21. Rfd1 Ne6 22.
Nd5 Qe5 23. Qd2 Ng5 24. Kg2 Qe6 25. Rh1 Qd6 26. Qe3 a5 27. Rad1 Rad8 28. Qa7 Rd7 29. Qxa5 f5 30. c4 fxe4 31. f4 Nf3 32. Qc3+ Kh6 33. Ne3 Qe6 34. Ng4+ Kh5 35. Qg7 Nh4+ 36. Kh2 Nf3+ 37. Kg3 1-0

[Event "Early-Titled-Tuesday-Blitz-July-09-2024"]
[Site "Chess.com"]
[Date "2024.07.09"]
[Round "8"]
[White "ljuks68"]
[Black "Orest_Vovk"]
[Result "1-0"]
[WhiteElo "2416"]
[BlackElo "2520"]
[TimeControl "180+1"]
[EndTime "9:28:53 PDT"]
[Termination "ljuks68 won by resignation"]

1. e4 g5 2. d4 g4 3. h3 g3 4. fxg3 d5 5. e5 c5 6. c3 Nc6 7. Nf3 Qb6 8. Na3 cxd4 9. cxd4 Bf5 10. Bd3 Bxd3 11. Qxd3 e6 12. Nb5 Bb4+ 13. Bd2 a6 14.
Nd6+ Bxd6 15. exd6 f6 16. O-O O-O-O 17. Kh2 Rxd6 18. b4 Nge7 19. Rab1 e5 20. b5 Nxd4 21. Nxd4 Qxd4 22. Qxd4 exd4 23. Bf4 Rb6 24. Rbc1+ Kd7 25.
Rc7+ Kd8 26. bxa6 bxa6 27. Ra7 Rc6 28. Rd1 Ke8 29. Rxd4 a5 30. Rd1 Re6 31. Ra8+ Kf7 32. Rxh8 Kg7 33. Ra8 Nc6 34. Rxd5 Re2 35. Rc8 Nb4 36.
Rxa5 Nd3 37. Ra7+ Kg6 38. Rg8+ Kf5 39. Ra5+ Ke4 40. Re8+ Ne5 41. Raxe5+ fxe5 42. Rxe5+ 1-0

[Event "Early-Titled-Tuesday-Blitz-July-09-2024"]
[Site "Chess.com"]
[Date "2024.07.09"]
[Round "8"]
[White "lluiss"]
[Black "SharathRk6"]
[Result "0-1"]
[WhiteElo "2192"]
[BlackElo "2456"]
[TimeControl "180+1"]
[EndTime "9:28:54 PDT"]
[Termination "SharathRk6 won by checkmate"]

1. Nf3 Nf6 2. d4 d5 3. c4 e6 4. cxd5 exd5 5. Nc3 Be7 6. Bg5 O-O 7. Qc2 h6 8. Bh4 c6 9. e3 Re8 10. Bd3 Ne4 11.
Bxe7 Qxe7 12. h3 Nd7 13. Bxe4 dxe4 14. Nd2 Nf6 15. O-O-O a5 16. Kb1 b5 17. Ne2 Qd6 18.
Rc1 Bd7 19. Qc5 Qxc5 20. Rxc5 Nd5 21. Ng3 f5 22. Ne2 Nb4 23. Rf1 Nd3 24. Rc3 Rac8 25. Nc1 Nb4 26. a3 Nd5 27. Ne2 Nxc3+ 28. Nxc3 c5 29.
dxc5 Rxc5 30. Nb3 Rc7 31. Nxa5 Be6 32. Rd1 Bc4 33. Rd6 Ra8 34. b4 Bd3+ 35. Kb2 Rac8 36. Nd5 Rc2+ 37. Kb3 Kf8 38. Nf4 R8c3# 0-1

[Event "Early-Titled-Tuesday-Blitz-July-09-2024"]
[Site "Chess.com"]
[Date "2024.07.09"]
[Round "8"]
[White "MANOJ_MISHRA123"]
[Black "MarlonJodar"]
[Result "0-1"]
[WhiteElo "2252"]
[BlackElo "2372"]
[TimeControl "180+1"]
[EndTime "9:28:54 PDT"]
[Termination "MarlonJodar won on time"]

1. d4 Nf6 2. Bg5 Ne4 3. h4 h6 4. Bf4 d5 5. Nd2 Bf5 6. Nxe4 Bxe4 7. Nf3 e6 8. e3 Bd6 9. Ne5 Nd7 10. f3 Bh7 11.
Bd3 Bxd3 12. Nxd3 Bxf4 13. exf4 c5 14. dxc5 Nxc5 15. Ne5 O-O 16. h5 Rc8 17. g4 Nd7 18. Nd3 Re8 19. Qe2 Qa5+ 20. c3 Qa6 21. g5 e5 22.
gxh6 e4 23. Nb4 Qxh6 24. O-O-O Qxf4+ 25. Kb1 exf3 26. Qf2 Nf6 27. Ka1 a5 28. Nxd5 Nxd5 29. Rxd5 Re2 0-1

[Event "Early-Titled-Tuesday-Blitz-July-09-2024"]
[Site "Chess.com"]
[Date "2024.07.09"]
[Round "8"]
[White "xh4823"]
[Black "NowInChess"]
[Result "1-0"]
[WhiteElo "2359"]
[BlackElo "2205"]
[TimeControl "180+1"]
[EndTime "9:28:55 PDT"]
[Termination "xh4823 won on time"]

1. d4 Nf6 2. c4 c5 3. d5 b5 4.
cxb5 a6 5. e3 Bb7 6. Nc3 e6 7.
dxe6 fxe6 8. Nf3 d5 9. Be2 Bd6 10. O-O O-O 11. a4 e5 12. bxa6 Nxa6 13. Nb5 e4 14. Ng5 Be5 15. Ne6 Qb8 16. Nxf8 Bxh2+ 17. Kh1 Kxf8 18. g3 Bxg3 19. fxg3 Qxg3 20. Qe1 Qh3+ 21. Kg1 Re8 22. Rf4 Re5 23. Qh4 Qxh4 24. Rxh4 Rg5+ 25.
Kh2 Nb4 26. Bd2 Nc2 27. Rg1 Rxg1 28. Kxg1 d4 29. Nd6 Bd5 30. Bc4 Bxc4 31. Nxc4 dxe3 32. Nxe3 Nd4 33. Kf2 Nf3 34. Rf4 Nxd2 35. Rf5 1-0

[Event "Early-Titled-Tuesday-Blitz-July-09-2024"]
[Site "Chess.com"]
[Date "2024.07.09"]
[Round "8"]
[White "Navyblue1"]
[Black "pinelone"]
[Result "1/2-1/2"]
[WhiteElo "2121"]
[BlackElo "2361"]
[TimeControl "180+1"]
[EndTime "9:28:56 PDT"]
[Termination "Game drawn - insufficient material"]

1. d4 Nf6 2. c4 e6 3. Nf3 c5 4. d5 exd5 5. cxd5 d6 6. Nc3 g6 7. e4 a6 8. a4 Bg4 9. Be2 Bxf3 10. Bxf3 Nbd7 11. O-O Bg7 12. Be2 O-O 13. Qc2 Rc8 14. Re1 c4 15. Be3 Qa5 16. Bd4 Qb4 17. a5 Nc5 18. Bxc5 Qxc5 19. Ra4 Rfe8 20. Rxc4 Qxa5 21. Rxc8 Rxc8 22. Bd3 Nd7 23. Rc1 b5 24. Qd1 Ne5 25. Be2 Nc4 26. Bxc4 Rxc4 27. Qd3 Qb4 28. Rc2 Bxc3 29.
Rxc3 Qxb2 30. Rxc4 Qa1+ 31. Qf1 Qxf1+ 32. Kxf1 bxc4 33. Ke2 g5 34. Kd2 Kg7 35. Kc3 Kf6 36. Kxc4 Ke5 37. f3 h5 38. Kb4 g4 39. Ka5 gxf3 40.
gxf3 f6 41. Kxa6 Kf4 42. Kb6 Kxf3 43. Kc6 Kxe4 44. Kxd6 f5 45. Ke6 f4 46. d6 f3 47. d7 f2 48. d8=Q f1=Q 49. Qd5+ Ke3 50. Qe5+ Kd2 51. Qxh5 Qa6+ 52. Kf5 Qb5+ 53. Kg4 Qe2+ 54.
Kg5 Qe5+ 55. Kh4 Qxh2+ 56. Kg5 Qe5+ 57. Kh4 Qxh5+ 58. Kxh5 1/2-1/2

[Event "Early-Titled-Tuesday-Blitz-July-09-2024"]
[Site "Chess.com"]
[Date "2024.07.09"]
[Round "8"]
[White "yaguigor"]
[Black "Rakhmanov_Aleksandr"]
[Result "0-1"]
[WhiteElo "2615"]
[BlackElo "2860"]
[TimeControl "180+1"]
[EndTime "9:28:59 PDT"]
[Termination "Rakhmanov_Aleksandr won by resignation"]

1. e4 c5 2. Nf3 Nf6 3. e5 Nd5 4. Nc3 Nxc3 5. dxc3 Nc6 6. Bf4 Qb6 7. b3 Qc7 8. Qd2 e6 9. O-O-O h6 10. h4 a6 11. Bd3 b5 12. Be4 c4 13. Nd4 Bb7 14. Nxc6 Bxc6 15. Bxc6 Qxc6 16. f3 a5 17. Kb2 b4 18.
bxc4 Be7 19. Ka1 Rc8 20. cxb4 axb4 21. Qd3 Ra8 22. Rb1 Bc5 23. Rb3 Ra4 24. Kb2 Qb6 25. Be3 O-O 26. Bxc5 Qxc5 27. Qd6 Qxc4 28. Qd3 Qc5 29.
f4 Rfa8 30. Ra1 Qa7 31. Kc1 Qg1+ 32. Kb2 Qxa1+ 0-1

[Event "Early-Titled-Tuesday-Blitz-July-09-2024"]
[Site "Chess.com"]
[Date "2024.07.09"]
[Round "8"]
[White "KorolDimitriy75"]
[Black "Dmitry_Ponomarev"]
[Result "1-0"]
[WhiteElo "2413"]
[BlackElo "2512"]
[TimeControl "180+1"]
[EndTime "9:29:00 PDT"]
[Termination "KorolDimitriy75 won by resignation"]

1. d4 d5 2. c4 c6 3. Nc3 Nf6 4. e3 a6 5. Nf3 Bf5 6. Bd3 Bxd3 7.
Qxd3 e6 8. O-O Bd6 9. e4 dxe4 10. Nxe4 Nxe4 11. Qxe4 Nd7 12. Bg5 Nf6 13. Qe2 Be7 14. Rad1 O-O 15. Rd3 Rc8 16. Rfd1 Qa5 17. b3 Rcd8 18.
h3 h6 19. Bh4 Rfe8 20. Ne5 Nd7 21. Bg3 Nxe5 22. Bxe5 Rd7 23. Rg3 g6 24. Qh5 Kh7 25. Qf3 Bf8 26. Qf6 Qxe5 27. Qxe5 Bd6 28. Qe3 Bxg3 29. Qxg3 e5 30. Qe3 Re6 31. d5 cxd5 32.
Rxd5 Rde7 33. g3 e4 34. Kg2 Rf6 35. Rd4 Rf3 36. Qe2 f5 37. Qd1 Kg7 38. Rd7 Kf7 39.
Qd6 Rxd7 40. Qxd7+ Kf6 41. Qxb7 Rd3 42. Qxa6+ Kg5 43.
h4+ Kh5 44. Qe6 Rd2 45. a4 Re2 46. Kg1 Re1+ 47. Kg2 Re2 48. Kf1 Rb2 49. Qb6 Rb1+ 50. Kg2 Re1 51. a5 Re2 52. a6 e3 53. Qxe3 Rxe3 54.
fxe3 g5 55. a7 gxh4 56. gxh4 Kxh4 57. a8=Q Kg4 58. Qf3+ Kg5 59. Qf4+ 1-0

[Event "Early-Titled-Tuesday-Blitz-July-09-2024"]
[Site "Chess.com"]
[Date "2024.07.09"]
[Round "8"]
[White "Barbix1"]
[Black "GM_Huschenbeth"]
[Result "0-1"]
[WhiteElo "2376"]
[BlackElo "2520"]
[TimeControl "180+1"]
[EndTime "9:29:00 PDT"]
[Termination "GM_Huschenbeth won by resignation"]

1. d4 d5 2. c4 e5 3. dxe5 d4 4. a3 Nc6 5. Nf3 Nge7 6. e3 Bg4 7.
exd4 Bxf3 8. Qxf3 Qxd4 9. Be2 Qxe5 10. Qe3 Nf5 11. Qxe5+ Nxe5 12. Bf4 Ng6 13. Bxc7 Rc8 14. Bg3 h5 15. h3 Nxg3 16. fxg3 Bd6 17. Kf2 Bc5+ 18.
Kf1 h4 19. gxh4 Rxh4 20. Nc3 Bd4 21. g3 Rh6 22. Nb5 Be5 23. Kg2 a6 24. Nc3 Bxc3 25.
bxc3 Ne5 26. Rhe1 Kf8 27. Rab1 b6 28. Rxb6 Rxb6 0-1

[Event "Early-Titled-Tuesday-Blitz-July-09-2024"]
[Site "Chess.com"]
[Date "2024.07.09"]
[Round "8"]
[White "Twinstulle"]
[Black "johnmez"]
[Result "0-1"]
[WhiteElo "2320"]
[BlackElo "2261"]
[TimeControl "180+1"]
[EndTime "9:29:03 PDT"]
[Termination "johnmez won by resignation"]

1. Nf3 Nf6 2. g3 g6 3. Bg2 Bg7 4. c4 O-O 5. O-O c6 6. b3 d5 7. Bb2 Nbd7 8. d3 Re8 9. Nbd2 e5 10. cxd5 cxd5 11. e3 Qe7 12. Rc1 b6 13. Rc7 Qd8 14. Rc2 Ba6 15. d4 e4 16. Ne5 Nxe5 17. dxe5 Nd7 18. e6 Rxe6 19. Bxg7 Bxf1 20. Bd4 Bxg2 21. Kxg2 Rc8 22. Rxc8 Qxc8 23. Qg4 Qc2 24. Nf1 Ne5 25.
Qf4 f6 26. g4 Kf7 27. g5 Nd3 28. Qg4 Qxf2+ 29. Kh1 Qxf1+ 0-1

[Event "Early-Titled-Tuesday-Blitz-July-09-2024"]
[Site "Chess.com"]
[Date "2024.07.09"]
[Round "8"]
[White "UK_23"]
[Black "kadirsoria"]
[Result "1-0"]
[WhiteElo "2410"]
[BlackElo "2232"]
[TimeControl "180+1"]
[EndTime "9:29:04 PDT"]
[Termination "UK_23 won on time"]

1. e4 c5 2. Nf3 d6 3. d4 cxd4 4. Qxd4 a6 5. Be2 Nc6 6. Qe3 g6 7. h3 Bg7 8. O-O Nf6 9. Rd1 Qa5 10. c4 O-O 11. Nc3 Be6 12. Rb1 Rfe8 13. a3 Nd7 14. b4 Qd8 15. Bb2 Nde5 16. Nd5 Bxd5 17.
cxd5 Nxf3+ 18. Bxf3 Ne5 19. Be2 Rc8 20. Qb3 b5 21.
Rbc1 Qb6 22. Bd4 Nf3+ 23. Bxf3 Bxd4 24. Rc2 Rc4 25. Rxc4 bxc4 26. Qxc4 Bxf2+ 27. Kh1 Bg3 28. Qc6 Qb8 29. Rc1 Rf8 30. Qc7 Qb5 31. Qxe7 Qd3 32.
a4 Be5 33. Qg5 Qa3 34. Qd2 Qxa4 35. h4 Qb5 36. h5 Rb8 37. h6 Qxb4 38. Qxb4 1-0